TOP OF THE 1ST |
Albuquerque Isotopes batting - Pitching for Gresham Gold Souls : RHP Mike Moyer
|
Pitching: RHP Mike Moyer
|
|
Batting: RHB Matt Tucker
|
0-0: Swinging Strike 0-1: Fly out, F8 (Flyball, 8RM)
|
Batting: LHB Wally Harris
|
0-0: SINGLE (Groundball, 6D)
|
Batting: RHB Roberto Tobías
|
0-0: Called Strike 0-1: Ball 1-1: Ball 2-1: Ball 3-1: Foul Ball, location: 2F 3-2: Base on Balls Wally Harris to second
|
Batting: LHB William Donnelly
|
0-0: Ball Wally Harris is caught stealing 3rd base Roberto Tobías to second 1-0: Ball 2-0: Ball 3-0: Base on Balls
|
Batting: RHB Jesse McKnight
|
0-0: Called Strike 0-1: Swinging Strike 0-2: Ball 1-2: Ball 2-2: Ball 3-2: Base on Balls Roberto Tobías to third William Donnelly to second
|
Batting: LHB José González
|
0-0: Ball 1-0: Ball 2-0: Ball Wild Pitch! Roberto Tobías scores William Donnelly to third Jesse McKnight to second 3-0: Called Strike 3-1: Base on Balls
|
Batting: LHB Héctor Soto
|
0-0: Called Strike 0-1: Foul Ball, location: 2F 0-2: Ball 1-2: Ball 2-2: Foul Ball, location: 2F 2-2: Foul Ball, location: 2F 2-2: Ball 3-2: Strikes out swinging
|
Top of the 1st over - 1 run, 1 hit, 0 errors, 3 left on base; Albuquerque 1 - Gresham 0 |
BOTTOM OF THE 1ST |
Gresham Gold Souls batting - Pitching for Albuquerque Isotopes : RHP Manuel Montoya
|
Pitching: RHP Manuel Montoya
|
|
Batting: LHB Jeff Douglas
|
0-0: Ground out 6-3 (Groundball, 6)
|
Batting: RHB Jared Thompson
|
0-0: Fly out, F3 (Popup, 3F)
|
Batting: LHB Jeff Forsyth
|
0-0: Called Strike 0-1: Swinging Strike 0-2: Ball 1-2: Strikes out looking
|
Bottom of the 1st over - 0 runs, 0 hits, 0 errors, 0 left on base; Albuquerque 1 - Gresham 0 |
TOP OF THE 2ND |
Albuquerque Isotopes batting - Pitching for Gresham Gold Souls : RHP Mike Moyer
|
Batting: RHB Piotr Zahn
|
0-0: Called Strike 0-1: Ball 1-1: Foul Ball, location: 2F 1-2: Foul Ball, location: 2F 1-2: Ground out 4-3 (Groundball, 4S)
|
Batting: RHB Luis Ortega
|
0-0: Ball 1-0: Ball 2-0: Foul Ball, location: 2F 2-1: Called Strike 2-2: Ground out U3 (Groundball, 3L)
|
Batting: RHB Matt Tucker
|
0-0: Ball 1-0: Called Strike 1-1: Foul Ball, location: 2F 1-2: Ground out 5-3 (Groundball, 56)
|
Top of the 2nd over - 0 runs, 0 hits, 0 errors, 0 left on base; Albuquerque 1 - Gresham 0 |
BOTTOM OF THE 2ND |
Gresham Gold Souls batting - Pitching for Albuquerque Isotopes : RHP Manuel Montoya
|
Batting: RHB Mario Beltrán
|
0-0: Swinging Strike 0-1: Ball 1-1: Foul Ball, location: 2F 1-2: Ball 2-2: Ball 3-2: Foul Ball, location: 2F 3-2: Strikes out swinging
|
Batting: LHB Caleb Hall
|
0-0: Called Strike 0-1: Foul Ball, location: 2F 0-2: Fly out, F9 (Flyball, 9S)
|
Batting: RHB Mario Méndez
|
0-0: Called Strike 0-1: Called Strike 0-2: Ball 1-2: Foul Ball, location: 2F 1-2: DOUBLE (Line Drive, 78D)
|
Batting: LHB Nick Scott
|
0-0: Ball 1-0: Called Strike 1-1: Ball 2-1: Called Strike 2-2: Ball 3-2: Fly out, F8 (Flyball, 8LM)
|
Bottom of the 2nd over - 0 runs, 1 hit, 0 errors, 1 left on base; Albuquerque 1 - Gresham 0 |
TOP OF THE 3RD |
Albuquerque Isotopes batting - Pitching for Gresham Gold Souls : RHP Mike Moyer
|
Batting: LHB Wally Harris
|
0-0: Ball 1-0: Foul Ball, location: 2F 1-1: Ball 2-1: Ground out 5-3 (Groundball, 5L)
|
Batting: RHB Roberto Tobías
|
0-0: Foul Ball, location: 2F 0-1: Called Strike 0-2: Ball 1-2: Fly out, F4 (Popup, 4MS)
|
Batting: LHB William Donnelly
|
0-0: Ball 1-0: Ground out 5-3 (Groundball, 5)
|
Top of the 3rd over - 0 runs, 0 hits, 0 errors, 0 left on base; Albuquerque 1 - Gresham 0 |
BOTTOM OF THE 3RD |
Gresham Gold Souls batting - Pitching for Albuquerque Isotopes : RHP Manuel Montoya
|
Batting: RHB David Hernández
|
0-0: Ground out 4-3 (Groundball, 4)
|
Batting: RHB Gustavo Pagán
|
0-0: Called Strike 0-1: Foul Ball, location: 2F 0-2: Foul Ball, location: 2F 0-2: Fly out, F8 (Line Drive, 78M)
|
Batting: LHB Jeff Douglas
|
0-0: Swinging Strike 0-1: Ball 1-1: Fly out, F4 (Popup, 23)
|
Bottom of the 3rd over - 0 runs, 0 hits, 0 errors, 0 left on base; Albuquerque 1 - Gresham 0 |
TOP OF THE 4TH |
Albuquerque Isotopes batting - Pitching for Gresham Gold Souls : RHP Mike Moyer
|
Batting: RHB Jesse McKnight
|
0-0: Ball 1-0: Foul Ball, location: 2F 1-1: Called Strike 1-2: DOUBLE (Line Drive, 7D)
|
Batting: LHB José González
|
0-0: Foul Ball, location: 2F 0-1: Ball 1-1: Called Strike 1-2: Ball 2-2: Ground out 3-1 (Groundball, 3S) Jesse McKnight to third
|
Batting: LHB Héctor Soto
|
0-0: Ball 1-0: Called Strike 1-1: Ball 2-1: Ball 3-1: Fly out, F4 (Line Drive, 4)
|
Batting: RHB Piotr Zahn
|
0-0: Ball 1-0: Foul Ball, location: 2F 1-1: Swinging Strike 1-2: SINGLE (Line Drive, 9S) Jesse McKnight scores
|
Batting: RHB Luis Ortega
|
0-0: Called Strike 0-1: Swinging Strike 0-2: Strikes out looking
|
Top of the 4th over - 1 run, 2 hits, 0 errors, 1 left on base; Albuquerque 2 - Gresham 0 |
BOTTOM OF THE 4TH |
Gresham Gold Souls batting - Pitching for Albuquerque Isotopes : RHP Manuel Montoya
|
Batting: RHB Jared Thompson
|
0-0: Called Strike 0-1: Fly out, F7 (Flyball, 7S)
|
Batting: LHB Jeff Forsyth
|
0-0: Ball 1-0: Swinging Strike 1-1: Ground out 4-3 (Groundball, 4)
|
Batting: RHB Mario Beltrán
|
0-0: Foul Ball, location: 2F 0-1: Ball 1-1: Foul Ball, location: 2F 1-2: Ground out 4-3 (Groundball, 4)
|
Bottom of the 4th over - 0 runs, 0 hits, 0 errors, 0 left on base; Albuquerque 2 - Gresham 0 |
TOP OF THE 5TH |
Albuquerque Isotopes batting - Pitching for Gresham Gold Souls : RHP Mike Moyer
|
Batting: RHB Matt Tucker
|
0-0: Called Strike 0-1: Ball 1-1: Called Strike 1-2: SINGLE (Groundball, 56D)
|
Batting: LHB Wally Harris
|
0-0: Ball 1-0: Called Strike 1-1: Ball 2-1: Foul Ball, location: 2F 2-2: Fly out, F7 (Flyball, 78M)
|
Batting: RHB Roberto Tobías
|
0-0: Called Strike 0-1: Ball 1-1: Ball 2-1: Ball 3-1: Base on Balls Matt Tucker to second
|
Batting: LHB William Donnelly
|
0-0: Called Strike 0-1: Ball 1-1: Ball 2-1: Ball 3-1: Base on Balls Matt Tucker to third Roberto Tobías to second
|
Batting: RHB Jesse McKnight
|
0-0: Ball 1-0: Ball 2-0: Grounds into double play, 6-2-3 (Groundball, 6MS)
|
Top of the 5th over - 0 runs, 1 hit, 0 errors, 2 left on base; Albuquerque 2 - Gresham 0 |
BOTTOM OF THE 5TH |
Gresham Gold Souls batting - Pitching for Albuquerque Isotopes : RHP Manuel Montoya
|
Batting: LHB Caleb Hall
|
0-0: Ball 1-0: Ball 2-0: Foul Ball, location: 2F 2-1: Ground out 4-3 (Groundball, 34)
|
Batting: RHB Mario Méndez
|
0-0: Called Strike 0-1: Ball 1-1: Ball 2-1: Fly out, F7 (Flyball, 7LS)
|
Batting: LHB Nick Scott
|
0-0: Called Strike 0-1: Foul Ball, location: 2F 0-2: Strikes out swinging
|
Bottom of the 5th over - 0 runs, 0 hits, 0 errors, 0 left on base; Albuquerque 2 - Gresham 0 |
TOP OF THE 6TH |
Albuquerque Isotopes batting - Pitching for Gresham Gold Souls : RHP Mike Moyer
|
Pitching: RHP Miguel Sandoval
|
|
Batting: LHB José González
|
0-0: Ball 1-0: Ball 2-0: Called Strike 2-1: Called Strike 2-2: SINGLE (Groundball, 3D)
|
Batting: LHB Héctor Soto
|
0-0: Called Strike 0-1: Ball 1-1: Swinging Strike 1-2: Ball 2-2: Foul Ball, location: 2F 2-2: Ball 3-2: Base on Balls José González to second
|
Batting: RHB Piotr Zahn
|
0-0: Ball 1-0: Foul Ball, location: 2F 1-1: Fly out, F2 (Popup, 25F)
|
Batting: RHB Luis Ortega
|
0-0: Ball 1-0: Ball 2-0: Ball 3-0: Base on Balls José González to third Héctor Soto to second
|
Batting: RHB Matt Tucker
|
0-0: Fly out, F8 (Flyball, 8LS)
|
Batting: LHB Wally Harris
|
0-0: Ball 1-0: Foul Ball, location: 2F 1-1: Foul Ball, location: 2F 1-2: Strikes out looking
|
Top of the 6th over - 0 runs, 1 hit, 0 errors, 3 left on base; Albuquerque 2 - Gresham 0 |
BOTTOM OF THE 6TH |
Gresham Gold Souls batting - Pitching for Albuquerque Isotopes : RHP Manuel Montoya
|
Batting: RHB David Hernández
|
0-0: SINGLE (Groundball, 4MD)
|
Batting: RHB Gustavo Pagán
|
0-0: Ball 1-0: Swinging Strike 1-1: Swinging Strike 1-2: DOUBLE (Line Drive, 78D) David Hernández to third Runner from 3rd tries for Home, SAFE, no throw
|
Batting: LHB Jeff Douglas
|
0-0: Ground out U3 (Groundball, 3S) Gustavo Pagán to third
|
Batting: RHB Jared Thompson
|
0-0: Ball 1-0: Foul Ball, location: 2F 1-1: Ground out 4-3 (Groundball, 4S)
|
Batting: LHB Jeff Forsyth
|
0-0: Ball 1-0: Called Strike 1-1: Swinging Strike 1-2: Ball 2-2: Foul Ball, location: 2F 2-2: Foul Ball, location: 2F 2-2: Strikes out swinging
|
Bottom of the 6th over - 1 run, 2 hits, 0 errors, 1 left on base; Albuquerque 2 - Gresham 1 |
TOP OF THE 7TH |
Albuquerque Isotopes batting - Pitching for Gresham Gold Souls : RHP Miguel Sandoval
|
Batting: RHB Roberto Tobías
|
0-0: Ball 1-0: Ball 2-0: Called Strike 2-1: Foul Ball, location: 2F 2-2: Ball 3-2: Foul Ball, location: 2F 3-2: Foul Ball, location: 2F 3-2: Fly out, F3 (Line Drive, 34)
|
Batting: LHB William Donnelly
|
0-0: SINGLE (Groundball, 4S) (infield hit)
|
Batting: RHB Jesse McKnight
|
0-0: Ball 1-0: Called Strike 1-1: Ball 2-1: Foul Ball, location: 2F 2-2: Ball 3-2: Foul Ball, location: 2F 3-2: 2-RUN HOME RUN (Flyball, 78XD), Distance : 409 ft
|
Pitching: RHP Paul Miller
|
|
Batting: LHB José González
|
0-0: Ball 1-0: Ball 2-0: Foul Ball, location: 2F 2-1: Swinging Strike 2-2: Ball 3-2: Base on Balls
|
Batting: LHB Héctor Soto
|
0-0: Ball 1-0: Ball 2-0: Ball 3-0: Foul Ball, location: 2F 3-1: Reached on error, E7 (Flyball, 7D) José González to third
|
Batting: RHB Piotr Zahn
|
0-0: Ball 1-0: Ground out 4-3 (Groundball, 34)
|
Batting: RHB Luis Ortega
|
0-0: Ball 1-0: Called Strike 1-1: Called Strike 1-2: Strikes out swinging
|
Top of the 7th over - 2 runs, 2 hits, 1 error, 2 left on base; Albuquerque 4 - Gresham 1 |
BOTTOM OF THE 7TH |
Gresham Gold Souls batting - Pitching for Albuquerque Isotopes : RHP Manuel Montoya
|
Batting: RHB Mario Beltrán
|
0-0: Ball 1-0: Ground out 6-3 (Groundball, 6)
|
Batting: LHB Caleb Hall
|
0-0: Called Strike 0-1: Foul Ball, location: 2F 0-2: Ball 1-2: Foul Ball, location: 2F 1-2: Ball 2-2: Ball 3-2: Fly out, F3 (Popup, 34)
|
Batting: RHB Mario Méndez
|
0-0: Ball 1-0: Called Strike 1-1: Swinging Strike 1-2: Foul Ball, location: 2F 1-2: SINGLE (Groundball, 6MS) (infield hit)
|
Batting: LHB Nick Scott
|
0-0: Called Strike 0-1: Ball 1-1: Fly out, F4 (Line Drive, 4)
|
Bottom of the 7th over - 0 runs, 1 hit, 0 errors, 1 left on base; Albuquerque 4 - Gresham 1 |
TOP OF THE 8TH |
Albuquerque Isotopes batting - Pitching for Gresham Gold Souls : RHP Paul Miller
|
Batting: RHB Matt Tucker
|
0-0: Ball 1-0: Ground out U3 (Groundball, 3L)
|
Batting: LHB Wally Harris
|
0-0: Ball 1-0: Swinging Strike 1-1: Swinging Strike 1-2: Strikes out swinging
|
Pitching: LHP Gabriel Rodríguez
|
|
Batting: RHB Roberto Tobías
|
0-0: Fly out, F4 (Line Drive, 4)
|
Top of the 8th over - 0 runs, 0 hits, 0 errors, 0 left on base; Albuquerque 4 - Gresham 1 |
BOTTOM OF THE 8TH |
Gresham Gold Souls batting - Pitching for Albuquerque Isotopes : RHP Manuel Montoya
|
Batting: RHB David Hernández
|
0-0: Swinging Strike 0-1: Swinging Strike 0-2: Foul Ball, location: 2F 0-2: Ball 1-2: Ground out 5-3 (Groundball, 56)
|
Batting: RHB Gustavo Pagán
|
0-0: Ball 1-0: Swinging Strike 1-1: Foul Ball, location: 2F 1-2: Ball 2-2: Foul Ball, location: 2F 2-2: Strikes out swinging
|
Batting: LHB Jeff Douglas
|
0-0: Fly out, F9 (Flyball, 89D)
|
Bottom of the 8th over - 0 runs, 0 hits, 0 errors, 0 left on base; Albuquerque 4 - Gresham 1 |
TOP OF THE 9TH |
Albuquerque Isotopes batting - Pitching for Gresham Gold Souls : LHP Gabriel Rodríguez
|
Batting: LHB William Donnelly
|
0-0: Called Strike 0-1: Swinging Strike 0-2: Ball 1-2: Foul Ball, location: 2F 1-2: Ball 2-2: Ball 3-2: Base on Balls
|
Batting: RHB Jesse McKnight
|
0-0: Ball 1-0: Foul Ball, location: 2F 1-1: Fly out, F7 (Flyball, 7)
|
Batting: LHB José González
|
0-0: Ball 1-0: Fly out, F7 (Flyball, 7)
|
Batting: LHB Héctor Soto
|
0-0: Called Strike 0-1: Called Strike 0-2: Ground out 4-3 (Groundball, 34D)
|
Top of the 9th over - 0 runs, 0 hits, 0 errors, 1 left on base; Albuquerque 4 - Gresham 1 |
BOTTOM OF THE 9TH |
Gresham Gold Souls batting - Pitching for Albuquerque Isotopes : RHP Manuel Montoya
|
Pitching: RHP António Córdova
|
|
Batting: RHB Jared Thompson
|
0-0: Ball 1-0: Called Strike 1-1: Swinging Strike 1-2: Strikes out swinging
|
Batting: LHB Jeff Forsyth
|
0-0: Ball 1-0: Called Strike 1-1: SOLO HOME RUN (Flyball, 7D), Distance : 386 ft
|
Batting: RHB Mario Beltrán
|
0-0: Ball 1-0: Ball 2-0: Called Strike 2-1: Ball 3-1: Base on Balls
|
Batting: LHB Caleb Hall
|
0-0: Called Strike 0-1: Called Strike 0-2: Foul Ball, location: 2F 0-2: Foul Ball, location: 2F 0-2: Strikes out swinging
|
Pinch Hitting: LHB Chance Santry
|
0-0: Ball 1-0: Foul Ball, location: 2F 1-1: Ball 2-1: Foul Ball, location: 2F 2-2: Foul Ball, location: 2F 2-2: Strikes out swinging
|
Bottom of the 9th over - 1 run, 1 hit, 0 errors, 1 left on base; Albuquerque 4 - Gresham 2 |
|